 Dungeon Crawl Stone Soup version 0.24.0-123-gd5b16e6ec5 (webtiles) character file.

Game seed: 16830097630553976705, levelgen mode: deterministic

3063 Ceapi the Basher (level 9, -6/124 HPs)
             Began as a Minotaur Berserker on Feb 11, 2020.
             Was a Priest of Trog.
             Mangled by Harold
             ... wielding a +0 battleaxe
              (15 damage)
             ... on level 7 of the Dungeon.
             The game lasted 00:25:06 (6298 turns).

Ceapi the Basher (Minotaur Berserker)               Turns: 6298, Time: 00:25:06

Health: -6/124     AC:  7    Str: 31    XL:     9   Next: 57%
Magic:  0/8        EV: 10    Int:  4    God:    Trog [***...]
Gold:   391        SH: 11    Dex:  9    Spells: 8/8 levels left

rFire    . . .     SeeInvis .   a - +0 mace
rCold    . . .     Gourm    .   v - +0 shield
rNeg     . . .     Faith    .   D - +3 leather armour {MR+}
rPois    .         Spirit   +   (helmet restricted)
rElec    .         Reflect  .   (no cloak)
rCorr    .         Harm     .   (no gloves)
MR       ++...                  e - +0 pair of boots
Stlth    ..........             q - amulet of guardian spirit
HPRegen  0.30/turn              w - ring of protection from magic
MPRegen  0.11/turn              (no ring)

@: berserking, very quick
A: retaliatory headbutt, horns 2
a: Berserk, Trog's Hand, Renounce Religion


You were on level 7 of the Dungeon.
You worshipped Trog.
Trog was most pleased with you.
You were very hungry.

You visited 1 branch of the dungeon, and saw 7 of its levels.

You collected 391 gold pieces.

Inventory:

Hand Weapons
 a - a +0 mace (weapon)
Armour
 e - a +0 pair of boots (worn)
 v - a +0 shield (worn)
 D - a +3 leather armour of magic resistance (worn)
Jewellery
 q - an amulet of guardian spirit (around neck)
 w - a ring of protection from magic (left hand)
 C - an uncursed amulet of rage {unknown}
Wands
 f - a wand of paralysis (4)
 u - a wand of digging (5)
 y - a wand of enslavement (5)
Scrolls
 b - a scroll of enchant weapon {unknown}
 d - 4 scrolls of teleportation {unknown}
 g - 2 scrolls of magic mapping {unknown}
 j - a scroll of fog {unknown}
 l - a scroll of noise {unknown}
 m - 4 scrolls of remove curse {unknown}
 p - a scroll of enchant armour {unknown}
 s - 2 scrolls of identify
 x - 2 scrolls of fear {unknown}
 B - 3 scrolls of random uselessness {unknown}
Potions
 h - a potion of magic {unknown}
 i - 5 potions of curing {unknown}
 k - a potion of brilliance {unknown}
 n - 3 potions of haste {unknown}
 o - 2 potions of degeneration {unknown}
 r - a potion of agility {unknown}
 t - a potion of might {unknown}
 z - 2 potions of heal wounds {unknown}
 A - a potion of berserk rage {unknown}
 E - 2 potions of lignification {unknown}
Comestibles
 c - 16 rations
 F - a chunk of flesh


   Skills:
 + Level 9.2 Fighting
 * Level 12.0 Maces & Flails
 - Level 2.4 Armour
 - Level 2.1 Dodging
 + Level 6.8 Shields


You had 8 spell levels left.
You didn't know any spells.
Your spell library was empty.

Dungeon Overview and Level Annotations

Branches:
Dungeon (7/15)             Temple (0/1) D:4

Altars:
Dithmenos
Makhleb
Nemelex Xobeh
Okawaru
Sif Muna
Vehumet
Xom

Annotations:
D:7 Harold


Innate Abilities, Weirdness & Mutations

You reflexively headbutt those who attack you in melee.
You have a pair of horns on your head.


Message History

You completely miss Harold. You headbutt Harold!
Harold is moderately wounded.
Harold hits you with a +0 battleaxe!!
You hit Harold.
Harold is moderately wounded.
You hit Harold but do no damage.
Harold is moderately wounded.
Harold hits you with a +0 battleaxe!
* * * LOW HITPOINT WARNING * * *
You hit Harold.
Harold is moderately wounded.
Harold hits you with a +0 battleaxe!
* * * LOW HITPOINT WARNING * * *
A red film seems to cover your vision as you go berserk!
You feel yourself moving faster!
You feel mighty!
You are feeling very hungry.
You sock Harold!
Harold is heavily wounded.
Harold hits you with a +0 battleaxe!
You die...

......# #..
#P.P#### #........
.###..# .##
###.#.####........
....
###..#.#.......#
.....
.#............###
#..#..
..........##..#
######.
+##########'..#####
... #...#.##
#.#@####.#.#.#
#...@......#.#
###.####.###.# #.
#. #.# #. #. .# #.
#. .# .. .. #. #.
.. #.


You could see Harold.

Vanquished Creatures
  The ghost of Draugr the Ducker, a novice DECj of Sif Muna (D:5)
  A hippogriff (D:7)
  A yak (D:7)
  3 hogs (D:7)
  A human (D:7)
  Duvessa (D:7)
  2 phantoms
  A centaur (D:6)
  3 ogres
  A crocodile (D:7)
  A bullfrog (D:6)
  Dowan (D:7)
  2 scorpions
  5 wights (D:6)
  A howler monkey (D:5)
  An electric eel (D:6)
  A quasit (D:5)
  3 crimson imps
  4 hounds
  A centaur skeleton (D:5)
  A bullfrog skeleton (D:5)
  Jessica (D:2)
  4 iguanas
  2 worker ants
  2 hound skeletons (D:5)
  9 adders
  A shadow imp (D:7)
  An adder zombie (D:6)
  An adder skeleton (D:7)
  A dart slug (D:1)
  2 worms
  7 leopard geckos
  6 orcs
  A ball python (D:6)
  4 giant cockroaches
  9 goblins
  2 hobgoblins
  14 jackals (D:2)
  4 kobolds
  A quokka (D:7)
  5 bats
  7 frilled lizards
  A leopard gecko zombie (D:5)
  5 rats
126 creatures vanquished.

Notes
Turn   | Place    | Note
-------+----------+-------------------------------------------
     0 | D:1      | Ceapi the Minotaur Berserker began the quest for the Orb.
     0 | D:1      | Reached XP level 1. HP: 19/19 MP: 0/0
    67 | D:1      | Reached skill level 4 in Maces & Flails
   184 | D:1      | Reached XP level 2. HP: 24/27 MP: 1/1
   836 | D:2      | Reached XP level 3. HP: 32/34 MP: 2/2
  1081 | D:2      | Reached ** piety under Trog
  1224 | D:2      | Reached skill level 5 in Maces & Flails
  1319 | D:2      | Reached XP level 4. HP: 31/41 MP: 3/3
  1542 | D:2      | Reached skill level 5 in Fighting
  1880 | D:2      | Found a shimmering blue altar of Sif Muna.
  1909 | D:2      | Noticed Jessica
  1919 | D:2      | Killed Jessica
  1919 | D:2      | Reached skill level 6 in Maces & Flails
  1919 | D:2      | Reached XP level 5. HP: 48/48 MP: 4/4
  2397 | D:3      | Found an iron altar of Okawaru.
  2599 | D:3      | Found a faded altar of an unknown god.
  2715 | D:4      | Found a staircase to the Ecumenical Temple.
  2773 | D:4      | Found a radiant altar of Vehumet.
  2802 | D:4      | Found an iron altar of Okawaru.
  2943 | D:4      | Found a shadowy altar of Dithmenos.
  2943 | D:4      | Noticed a phantom
  2959 | D:4      | Killed a phantom
  2959 | D:4      | Reached skill level 7 in Maces & Flails
  2959 | D:4      | Reached XP level 6. HP: 42/57 MP: 5/5
  3323 | D:5      | Entered Level 5 of the Dungeon
  3504 | D:5      | Found a runed translucent gate.
  3505 | D:5      | Found a runed translucent gate.
  3505 | D:5      | Found a runed translucent gate.
  3505 | D:5      | Noticed Draugr's ghost (novice DECj)
  3516 | D:5      | Reached skill level 1 in Shields
  3527 | D:5      | Killed Draugr's ghost
  3527 | D:5      | Reached skill level 8 in Maces & Flails
  3527 | D:5      | Reached XP level 7. HP: 64/64 MP: 6/6
  3624 | D:5      | Reached skill level 9 in Maces & Flails
  3934 | D:5      | Reached XP level 8. HP: 73/73 MP: 7/7
  4657 | D:6      | Reached skill level 10 in Maces & Flails
  4673 | D:6      | Reached *** piety under Trog
  4673 | D:6      | Reached skill level 5 in Shields
  4736 | D:7      | Noticed a hippogriff
  5505 | D:6      | Found a burning altar of Makhleb.
  5627 | D:7      | Killed a hippogriff
  5654 | D:7      | Reached XP level 9. HP: 79/81 MP: 8/8
  5656 | D:7      | Noticed Duvessa
  5656 | D:7      | Noticed Dowan
  5676 | D:7      | Killed Duvessa
  5676 | D:7      | Reached skill level 11 in Maces & Flails
  5680 | D:7      | Killed Dowan
  5714 | D:7      | Found a shimmering altar of Xom.
  6081 | D:7      | Reached skill level 12 in Maces & Flails
  6260 | D:7      | Found a sparkling altar of Nemelex Xobeh.
  6287 | D:7      | Noticed Harold
  6298 | D:7      | Mangled by Harold

Levels and vault maps discovered:
D:1:      lightli_iron_boxes, layout_loops_ring, bh_walls_and_bars
D:2:      layout_loops_corners, lemuel_blue_sif_altar, uniq_jessica
D:3:      layout_rooms, first_ration, chequers_ecumenical_altar_grove,
          okawaru_trees_2
D:4:      layout_basic, lemuel_round_altar, kennysheep_mini_moat,
          minmay_temple_entry_mini_moons, grunt_dithmenos_shadows
D:5:      layout_loops_ring, gammafunk_ghost_necromancy, minmay_small_thing
D:6:      layout_loops_ring, makhleb_grotto_becter,
          chequers_serial_rivers_small_a, serial_bayou_pond_b
D:7:      layout_cave_pools, lemuel_doored_altar, basic_altar, grunt_livestock,
          roderic_st_hans_cross, minmay_lizard_king, uniq_duvessa, uniq_harold

Skill      XL: |  1  2  3  4  5  6  7  8  9 |
---------------+----------------------------+-----
Fighting       | 4 5 6 7 8 9 |  9.2
Maces & Flails | 4 5 6 7 8 9 10 12 | 12.0
Shields        | 2 3 5 6 |  6.8
Armour         | |  2.4
Dodging        | |  2.1

Action                   |  1- 3 |  4- 6 |  7- 9 || total
-------------------------+-------+-------+-------++-------
Melee: Mace              |    73 |    98 |   211 ||   382
       Headbutt          |     8 |    13 |    40 ||    61
Invok: Berserk           |       |     3 |     4 ||     7
  Use: Scroll            |       |       |     1 ||     1
  Eat: Chunk             |     1 |     5 |     9 ||    15
       Ration            |       |     1 |     1 ||     2
Armor: Animal skin       |     6 |       |       ||     6
       Leather armour    |    17 |    21 |    33 ||    71
Dodge: Dodged            |    69 |    53 |    80 ||   202
Block: Shield            |       |    13 |    83 ||    96
